 Dungeon Crawl Stone Soup version 0.30-a0-137-gd8773701ce (webtiles) character file.

Game seed: 3825989244950619039

16 jimonade the Sneak (level 2, -1/15 HPs)
             Began as a Kobold Enchanter on Sept 21, 2022.
             Slain by a jackal (3 damage)
             ... on level 1 of the Dungeon.
             The game lasted 00:01:47 (293 turns).

jimonade the Sneak (Kobold Enchanter)                Turns: 293, Time: 00:01:48

Health: -1/15      AC:  2    Str:  5    XL:     2   Next: 70%
Magic:  5/5        EV: 15    Int: 22    God:
Gold:   17         SH:  0    Dex: 15    Spells: 5/5 levels left

rFire   . . .      SeeInvis .    a - +1 dagger
rCold   . . .      Faith    .    (no shield)
rNeg    . . .      Spirit   .    h - +0 robe
rPois   .          Reflect  .    (no helmet)
rElec   .          Harm     .    (no cloak)
rCorr   +          Rampage  .    (no gloves)
Will    .....                    (no boots)
Stlth   ++++......               (no amulet)
HPRegen 0.05/turn                d - +6 ring of intelligence
MPRegen 0.09/turn                g - ring of resist corrosion

@: no status effects
A: small, no large weapons, nightstalker 3
a: no special abilities


You were on level 1 of the Dungeon.
You visited 1 branch of the dungeon, and saw 1 of its levels.

You collected 17 gold pieces.

Inventory:

Hand Weapons
 a - a +1 dagger (weapon)
 b - a +0 sling
Armour
 h - a +0 robe (worn)
Jewellery
 d - a +6 ring of intelligence (left hand)
 g - a ring of resist corrosion (right hand)
Scrolls
 f - a scroll of summoning {unknown}
Potions
 c - 2 potions of invisibility
 e - a potion of brilliance {unknown}
 i - a potion of attraction {unknown}


   Skills:
 + Level 1.8 Short Blades
 - Level 2.4 Dodging
 - Level 4.0 Stealth
 + Level 2.4 Spellcasting
 + Level 3.5 Hexes


You had 5 spell levels left.
You didn't know any spells.
Your spell library contained the following spells:

 Spells                   Type           Power      Damage    Failure   Level
 Confusing Touch          Hex            18%        N/A       9%          3
 Tukima's Dance           Hex            18%        N/A       9%          3
 Ensorcelled Hibernation  Hex/Ice        20%        N/A       10%         2
 Dazzling Flash           Conj/Hex       20%        N/A       19%         3


Dungeon Overview and Level Annotations

Branches:
Dungeon (1/15)

Altars:


Innate Abilities, Weirdness & Mutations

You are small and have problems with some larger weapons.
You are completely attuned to the shadows.


Message History

The jackal closely misses you.
You barely miss the jackal.
The jackal is heavily wounded.
The jackal bites you. The jackal barely misses you.
The jackal bites you but does no damage.
The jackal barks!
You hit the jackal.
The jackal is severely wounded.
You hear a shout!
The jackal bites you but does no damage.
The jackal bites you. The jackal closely misses you. x2
The jackal bites you but does no damage.
The jackal bites the fungus.
The fungus begins to die.
The jackal bites you. The jackal attacks as you move away!
The jackal bites you.
The jackal bites the plant.
The plant begins to die.
The jackal barely misses you. The jackal attacks as you move away!
The jackal bites you.
The jackal bites the plant.
The jackal bites the plant.
The plant begins to die.
A nearby fungus withers and dies.
The jackal bites the plant. x2
The jackal attacks as you move away! The jackal closely misses you.
The jackal attacks as you move away! The jackal bites you.
* * * LOW HITPOINT WARNING * * *
The jackal barely misses you. The jackal bites you.
* * * LOW HITPOINT WARNING * * *
You are too injured to fight recklessly!
You are too injured to fight recklessly!
You are too injured to fight recklessly!
You barely miss the jackal.
The jackal is severely wounded.
You barely miss the jackal.
The jackal bites you but does no damage.
You hit the jackal.
The jackal is moderately wounded.
The jackal barely misses you.
You hit the jackal.
The jackal is almost dead.
The jackal barely misses you. The jackal bites you.
You die...

#.##.)....#..#...####....
#.##......#.##......#.###
#.#########.##..###.#..
#...)........#..# .
###.#.............#
#...#.......>†.#.##
##.##.##########.#
.####.)..##########.#
.......#.....@hh.#...
######.#†######h....
#.......[#......#
#.............###
#...........###
#...........#
#####.......#
#.......#####
##.....P.....


You could see 3 jackals.

Vanquished Creatures
  3 ball pythons (D:1)
  2 giant cockroaches (D:1)
  4 goblins (D:1)
  2 hobgoblins (D:1)
  A quokka (D:1)
  A bat (D:1)
13 creatures vanquished.

Vanquished Creatures (others)
  2 fungi (D:1)
  12 plants (D:1)
14 creatures vanquished.

Grand Total: 27 creatures vanquished

Notes
Turn   | Place    | Note
-------+----------+-------------------------------------------
     0 | D:1      | jimonade the Kobold Enchanter began the quest for the Orb.
     0 | D:1      | Reached XP level 1. HP: 10/10 MP: 3/3
   162 | D:1      | Reached XP level 2. HP: 15/15 MP: 5/5
   293 | D:1      | Slain by a jackal

Illustrated notes

Levels and vault maps discovered:
D:1:      heliophobic_arrival_ceremonial_halls, layout_rooms,
          shapermc_ecumenical_altar_mp_ritualfount, chequers_mini_garden

Action                   || total
-------------------------++-------
Melee: Dagger            ||    52
 Stab: Sleeping          ||     3
       Distracted        ||     1
Armor: Robe              ||    18
Dodge: Dodged            ||    47

Table legend: (Time is in decaauts)
 A = Elapsed time spent in this place.
 B = Non-inter-level travel time spent in this place.
 C = Inter-level travel time spent in this place.
 D = Time resting spent in this place.
 E = Time spent auto-exploring this place.
 F = Levels seen in this place.
 G = Mean time per level.
                   A        B        C        D        E       F      G
               +--------+--------+--------+--------+--------+-----+--------+
         Total |    287 |    287 |      0 |      0 |    126 |   1 |  287.0 |
       Dungeon |    287 |    287 |      0 |      0 |    126 |   1 |  287.0 |
               +--------+--------+--------+--------+--------+-----+--------+

Top non-repeatable levels by time:
     D:1: 287 daAuts
